Match 46148834
Unlisted

Match 46148834
End
Construct Barracks
Engineer Squad
Riflemen Squad
Riflemen Squad
1⁄4-ton 4x4 Truck
Infantry Support Center
Riflemen Squad
Construct Motor Pool
Construct Medical Station
M8 Greyhound Armored Car
Selects Armored Battlegroup
Selects Fast Deploy
Selects Veteran Crews
Selects Seek and Destroy
M1918 Browning Automatic Rifles
M1 Anti-tank Gun Team
Grenade Package
AI Takeover
rocketpossum
OverlordCZ
0
0

Comments sign in to comment!

No comments posted yet!